Map: 2000 애트모스피어 - 래더

Players

Ryung - Winner!

  • Race: Terran Terran

herO

  • Race: Protoss Protoss

Event: IEM Katowice 2022

VOD

https://youtu.be/v5wCuNXG_iY

Description

Time

  • Played on: Feb. 23, 2022, 11:50 a.m.
  • Length: 18:36

All games in this series

Show
View Real Time Build Order
Export as new Build Order

Ryung Terran - Winner!

Build Orders:  

Get SALT Encoding   

  12  0:00  SCV  
  13  0:12  SCV  
  14  0:17  Supply Depot  
  14  0:24  SCV  
  15  0:38  SCV  
  15  0:39  Barracks  
  16  0:43  Refinery  
  16  0:50  SCV  
  17  1:02  SCV  
  18  1:14  SCV  
  19  1:25  Marine  
  19  1:27  Orbital Command  
  20  1:44  Command Center  
  20  1:47  Barracks Reactor  
  20  1:53  SCV  
  21  2:02  Supply Depot  
  21  2:05  SCV  
  22  2:12  Factory  
  22  2:18  SCV  
  23  2:24  Marine x2  
  25  2:30  SCV  
  25  2:35  Barracks  
  26  2:42  Marine x2, SCV  
  29  2:45  Refinery  
  29  2:54  SCV  
  29  2:56  Factory Tech Lab  
  29  2:57  Orbital Command  
  30  2:59  Marine  
  30  3:04  Marine  
  32  3:06  SCV  
  33  3:15  Cyclone  
  33  3:18  SCV  
  37  3:22  Barracks Tech Lab  
  37  3:23  SCV  
  38  3:27  Barracks  
  38  3:30  SCV  
  39  3:36  SCV  
  39  3:38  Supply Depot  
  39  3:40  Stimpack  
  40  3:42  SCV  
  40  3:43  Marine  
  40  3:44  Marine  
  40  3:45  Marine  
  44  3:52  SCV  
  44  3:54  SCV  
  46  3:57  Engineering Bay  
  46  3:59  Supply Depot  
  46  4:07  Marine, SCV x2  
  46  4:08  Marine x2  
  51  4:16  Supply Depot  
  51  4:19  SCV x2  
  51  4:22  Combat Shield  
  53  4:24  Terran Infantry Weapons Level 1  
  53  4:27  Factory Reactor  
  53  4:28  Starport  
  53  4:31  SCV x2  
  53  4:33  Marine  
  53  4:34  Marine  
  57  4:41  Bunker  
  57  4:43  SCV, Refinery  
  57  4:44  SCV  
  59  4:48  Marauder  
  59  4:49  Marauder  
  63  4:55  SCV  
  63  4:56  Supply Depot  
  63  4:57  SCV, Supply Depot  
  63  4:59  Marine x2  
  67  5:08  SCV  
  67  5:09  SCV  
  69  5:17  Medivac x2  
  69  5:18  Marauder  
  69  5:20  Supply Depot, Refinery  
  75  5:21  Supply Depot  
  75  5:23  Marauder  
  75  5:26  SCV  
  75  5:27  Marine x2, SCV  
  81  5:31  Factory Reactor  
  81  5:34  Concussive Shells  
  81  5:41  Marauder  
  80  5:44  Marauder  
  80  5:46  Supply Depot x2  
  82  5:50  Medivac  
  84  5:57  Medivac  
  84  5:59  Marine x2  
  86  6:05  Command Center  
  86  6:06  Marauder  
  86  6:08  Marauder  
  90  6:17  Widow Mine x2  
  94  6:21  Marine x2  
  96  6:26  Terran Infantry Armor Level 1  
  96  6:27  SCV x2  
  96  6:28  Marauder  
  96  6:29  Supply Depot  
  100  6:38  Barracks  
  100  6:41  Barracks  
  100  6:45  Marine x2  
  100  6:46  Marauder  
  104  6:48  Widow Mine x2  
  104  6:49  Marauder  
  104  6:51  Supply Depot  
  104  6:52  SCV  
  104  6:53  SCV  
  112  7:05  SCV x2  
  112  7:07  Supply Depot  
  114  7:09  Marine, Widow Mine x2  
  114  7:10  Marine, Marauder  
  114  7:11  Medivac  
  114  7:13  Medivac  
  126  7:24  Orbital Command  
  126  7:28  SCV x2  
  128  7:30  Widow Mine  
  128  7:31  Barracks Reactor, Barracks Tech Lab  
  128  7:35  Armory  
  128  7:36  Marine  
  131  7:39  Ghost Academy  
  131  7:40  Marauder  
  131  7:41  SCV, Orbital Command  
  131  7:43  SCV  
  135  7:53  SCV  
  135  7:55  SCV  
  135  7:57  Marine x2, Marauder x2  
  143  8:03  Marauder  
  143  8:05  SCV  
  146  8:06  Supply Depot  
  146  8:07  Widow Mine, SCV  
  146  8:12  SCV  
  150  8:17  SCV  
  150  8:18  Marauder  
  146  8:28  Ghost x2, Marine x2  
  146  8:29  Marine x2  
  151  8:36  Widow Mine x2  
  151  8:38  Viking x2  
  151  8:39  Marine  
  151  8:41  Enhanced Shockwaves  
  158  8:42  Terran Infantry Weapons Level 2  
  158  8:44  Refinery x2  
  158  8:48  Marine x4  
  159  8:59  Ghost  
  161  9:04  SCV x3  
  161  9:08  Supply Depot  
  161  9:09  Supply Depot x2  
  164  9:10  Marauder x2  
  168  9:25  Viking x2  
  172  9:32  Marauder  
  172  9:33  Ghost x2, Command Center  
  172  9:35  Missile Turret  
  178  9:42  Missile Turret  
  178  9:45  Engineering Bay  
  176  9:52  Ghost  
  175  9:55  Marine x2  
  175  9:56  Marine x2  
  175  9:57  Widow Mine x2, Viking, Command Center  
  180  10:08  Ghost x2  
  181  10:18  Viking  
  181  10:21  Ghost  
  181  10:27  Viking  
  181  10:28  Marine x2  
  181  10:37  Marauder  
  181  10:38  Marauder  
  183  10:44  Barracks  
  183  10:47  Barracks  
  183  10:48  Medivac, Barracks  
  184  10:50  Marauder  
  184  10:53  SCV x3  
  189  10:57  Medivac  
  189  10:59  Marauder x2  
  186  11:12  Marine, Marauder  
  186  11:13  Marine x2  
  170  11:20  Marauder x2  
  170  11:22  Marine  
  171  11:30  Marine x2  
  171  11:31  Marine  
  168  11:33  Marauder  
  168  11:35  Medivac x2  
  160  11:40  Marine, Widow Mine x2  
  160  11:42  Marauder x2  
  160  11:44  Terran Infantry Armor Level 2  
  160  11:46  SCV x2  
  167  11:48  Marine x2  
  169  11:54  Marauder  
  169  11:58  SCV x3  
  169  11:59  Planetary Fortress  
  174  12:03  Marauder x2  
  174  12:06  Marine x2  
  171  12:10  SCV x2  
  162  12:16  Marauder  
  162  12:19  Medivac x2  
  165  12:23  Marine x2  
  165  12:24  Marauder  
  165  12:25  Marauder  
  165  12:27  Terran Infantry Weapons Level 3  
  165  12:29  Barracks Reactor, Barracks Tech Lab x2  
  168  12:43  Marauder  
  168  12:44  Marine x2  
  154  12:51  Ghost x3  
  154  12:52  Marine x2  
  154  12:53  Marauder  
  162  13:00  SCV x2  
  162  13:01  Marine  
  162  13:02  Marine  
  162  13:04  Terran Ship Weapons Level 1  
  162  13:05  Marauder  
  168  13:10  Marine, Command Center  
  169  13:14  Ghost  
  169  13:16  Marine x2  
  169  13:17  Marine  
  169  13:19  Widow Mine  
  176  13:20  Ghost  
  178  13:27  Sensor Tower  
  178  13:31  Starport  
  178  13:32  Fusion Core  
  178  13:33  Refinery x2  
  169  13:45  Marauder x2  
  169  13:46  Marine x3  
  169  13:47  Medivac x2  
  173  13:49  Marine x2  
  175  13:56  Marine x2, Marauder x2  
  178  14:04  Marine x3  
  178  14:06  Marine  
  178  14:07  Missile Turret  
  182  14:17  Marine x2  
  182  14:21  Marauder x2  
  180  14:25  Marauder x2  
  180  14:27  Marine x2  
  180  14:28  Marine x2  
  180  14:29  Marauder  
  186  14:35  Marine x2  
  182  14:40  Viking x2  
  182  14:42  Marauder x2  
  186  14:46  Marine x2, Marauder x2  
  186  14:47  Marine  
  186  14:48  Marine  
  186  14:49  Terran Infantry Armor Level 3  
  186  14:50  Marauder  
  190  14:57  Advanced Ballistics  
  190  15:04  Marauder  
  192  15:08  Starport Reactor  
  192  15:10  Viking x2, Terran Ship Weapons Level 2  
  191  15:33  Ghost x3  
  189  15:40  Viking, Liberator  
  189  15:42  Planetary Fortress  
  194  15:47  Command Center  
  194  15:48  Command Center  
  181  16:01  Ghost x3  
  174  16:10  Viking  
  172  16:13  Medivac  
  172  16:14  Medivac  
  172  16:15  Ghost  
  172  16:17  Marauder  
  176  16:29  Liberator  
  176  16:30  Refinery  
  176  16:31  Marauder x2, Refinery  
  176  16:32  Missile Turret  
  181  16:55  Liberator x2  
  190  17:04  Orbital Command  
  190  17:12  Liberator  
  190  17:14  Liberator  
  189  17:38  Liberator  
  189  17:39  Liberator  
  180  17:50  Ghost x3  
  176  18:07  Marine x6, Marauder x2  
Show
View Real Time Build Order
Export as new Build Order

herO Protoss 

Build Orders: 1 Gate Expand, Oracle Opening, Blink Stalkers 

Get SALT Encoding   

  12  0:00  Probe  
  13  0:12  Probe  
  14  0:17  Pylon  
  14  0:24  Probe (Chrono Boost)  
  16  0:36  Probe (Chrono Boost), Gateway  
  16  0:43  Probe (Chrono Boost)  
  16  0:46  Assimilator  
  17  0:50  Probe  
  18  1:02  Probe  
  19  1:15  Probe  
  20  1:22  Cybernetics Core  
  20  1:32  Nexus  
  20  1:38  Pylon  
  20  1:41  Probe  
  21  1:47  Assimilator  
  21  1:53  Probe (Chrono Boost)  
  22  1:58  Adept  
  24  2:05  Probe (Chrono Boost)  
  25  2:11  Probe (Chrono Boost)  
  25  2:15  Stargate  
  26  2:20  Probe  
  27  2:28  Adept, Warp Gate  
  29  2:32  Probe (Chrono Boost)  
  32  2:44  Probe (Chrono Boost)  
  32  2:48  Probe (Chrono Boost)  
  32  2:49  Probe (Chrono Boost)  
  33  2:56  Probe, Oracle (Chrono Boost)  
  34  2:58  Probe  
  34  3:04  Adept  
  40  3:08  Probe  
  40  3:10  Probe  
  42  3:13  Pylon  
  42  3:20  Probe  
  42  3:22  Probe  
  42  3:25  Twilight Council  
  44  3:30  Gateway  
  44  3:32  Gateway  
  44  3:35  Probe x2  
  46  3:42  Assimilator  
  46  3:45  Pylon  
  46  3:47  Probe  
  46  3:48  Probe  
  48  3:53  Blink (Chrono Boost)  
  48  4:00  Probe x2  
  50  4:16  Nexus  
  50  4:17  Pylon  
  50  4:20  Stalker  
  50  4:23  Probe x2  
  54  4:26  Stalker  
  54  4:28  Stalker  
  58  4:35  Probe x2  
  60  4:39  Forge  
  60  4:44  Pylon  
  60  4:52  Stalker  
  60  4:53  Stalker x2  
  60  4:54  Probe x2  
  60  4:59  Protoss Ground Weapons Level 1 (Chrono Boost)  
  68  5:06  Probe x2  
  70  5:11  Gateway  
  70  5:12  Gateway  
  70  5:15  Shield Battery  
  70  5:18  Sentry x2  
  70  5:20  Probe  
  75  5:21  Probe  
  73  5:29  Gateway  
  73  5:30  Gateway  
  73  5:39  Charge (Chrono Boost)  
  73  5:43  Stalker x3, Phoenix  
  73  5:45  Probe x3  
  73  5:49  Gateway  
  82  5:54  Pylon  
  82  5:58  Probe  
  82  5:59  Probe x2  
  85  6:07  Pylon, Sentry  
  85  6:08  Zealot x2  
  91  6:20  Zealot x2  
  91  6:23  Probe x3  
  91  6:25  Assimilator  
  98  6:26  Assimilator  
  98  6:34  Pylon  
  98  6:36  Robotics Facility  
  98  6:38  Stalker  
  98  6:39  Stalker x3, Pylon  
  106  6:43  Pylon, Probe x2  
  104  6:48  Probe  
  104  6:50  Shield Battery  
  104  6:52  Photon Cannon  
  105  6:55  Zealot x2  
  105  6:58  Photon Cannon  
  105  7:00  Protoss Ground Weapons Level 2 (Chrono Boost)  
  109  7:05  Shield Battery  
  109  7:06  Sentry  
  109  7:07  Zealot x2  
  115  7:14  Pylon  
  113  7:16  Pylon  
  113  7:17  Pylon  
  113  7:29  Robotics Facility  
  110  7:30  Zealot x3  
  110  7:31  Robotics Bay  
  116  7:37  Zealot x5  
  116  7:43  Pylon  
  124  7:45  Observer (Chrono Boost)  
  124  7:49  Probe x3, Assimilator  
  122  7:59  Observer (Chrono Boost)  
  122  8:03  Zealot x8  
  139  8:14  Colossus (Chrono Boost)  
  143  8:25  Observer  
  143  8:30  Zealot x4  
  143  8:31  Zealot x2  
  143  8:37  Extended Thermal Lance  
  141  8:42  Photon Cannon  
  141  8:44  Pylon  
  141  8:45  Pylon  
  141  9:00  Disruptor (Chrono Boost)  
  140  9:05  Colossus (Chrono Boost)  
  140  9:06  Stalker x5  
  150  9:11  Probe  
  150  9:12  Probe x2  
  153  9:21  Pylon  
  152  9:26  Disruptor (Chrono Boost)  
  152  9:28  Zealot x3  
  161  9:40  Zealot  
  161  9:44  Disruptor  
  163  10:01  Protoss Ground Weapons Level 3  
  163  10:02  Pylon  
  163  10:03  Dark Shrine, Disruptor (Chrono Boost)  
  163  10:05  Pylon x2  
  160  10:07  Pylon  
  160  10:08  Pylon  
  160  10:13  Stalker x3  
  164  10:18  Pylon  
  164  10:20  Disruptor (Chrono Boost)  
  165  10:23  Observer  
  155  10:36  Disruptor (Chrono Boost)  
  157  10:47  Stalker x8  
  157  10:48  Colossus (Chrono Boost)  
  157  10:49  Pylon  
  171  11:00  Nexus  
  171  11:02  Pylon  
  171  11:03  Observer  
  171  11:07  Disruptor (Chrono Boost)  
  168  11:18  Stalker x5  
  137  11:21  Zealot  
  120  11:35  Zealot x2, Disruptor (Chrono Boost)  
  120  11:37  Disruptor (Chrono Boost)  
  120  11:38  Probe  
  120  11:39  Probe x2  
  133  11:40  Shield Battery  
  132  11:58  Pylon  
  132  12:01  Zealot x8, Nexus  
  136  12:05  Disruptor  
  136  12:08  Disruptor  
  148  12:23  Zealot x6  
  148  12:27  Probe x3  
  163  12:42  Observer (Chrono Boost)  
  144  12:44  Observer (Chrono Boost)  
  135  12:56  Protoss Ground Armor Level 1 (Chrono Boost), Zealot x6  
  135  12:58  Disruptor (Chrono Boost)  
  147  12:59  Disruptor (Chrono Boost)  
  152  13:06  Probe  
  152  13:07  Probe x2  
  152  13:10  Shield Battery  
  153  13:20  Dark Templar x5  
  153  13:26  Dark Templar  
  165  13:27  Dark Templar  
  165  13:30  Dark Templar  
  153  13:50  Colossus x2 (Chrono Boost)  
  157  14:04  Zealot  
  157  14:05  Zealot x5  
  163  14:20  Stalker x2  
  142  14:34  Zealot x5  
  139  14:42  Stalker  
  119  14:53  Disruptor (Chrono Boost)  
  119  14:55  Archon x2, Colossus (Chrono Boost)  
  119  14:56  Archon  
  128  15:00  Sentry  
  128  15:01  Stalker  
  128  15:03  Phoenix (Chrono Boost)  
  134  15:13  Stalker  
  136  15:17  Stalker  
  136  15:19  Colossus (Chrono Boost)  
  138  15:26  Zealot x2  
  134  15:41  Disruptor (Chrono Boost)  
  131  16:09  Disruptor (Chrono Boost)  
  132  16:12  Disruptor (Chrono Boost)  
  135  16:18  Observer  
  135  16:21  Nexus  
  135  16:37  Pylon  
  135  16:39  Probe x3  
  136  16:51  Disruptor x2 (Chrono Boost)  
  138  16:56  Probe x3  
  144  17:01  Shield Battery  
  142  17:17  Zealot x2  
  146  17:26  Disruptor  
  134  17:48  Stalker x3  
  105  18:19  Zealot x5  

Tags
 
Add a new tag
Caveats
  • Supply blocks, unpowered buildings, or Contaminate may cause inaccurate times.
  • Supply counts are checked every 10 seconds.